 Dungeon Crawl Stone Soup version 0.21-a0-110-g8e1637b (webtiles) character file.

89 MirrMurr the Chopper (level 4, -1/40 HPs)
             Began as a Hill Orc Fighter on July 9, 2017.
             Slain by Ijyb
             ... wielding a +0 club
              (4 damage)
             ... on level 3 of the Dungeon.
             The game lasted 00:04:25 (1782 turns).

MirrMurr the Chopper (Hill Orc Fighter)             Turns: 1782, Time: 00:04:25

Health: -1/40      AC:  7    Str: 23    XL:     4   Next: 55%
Magic:  4/4        EV:  7    Int:  8    God:
Gold:   53         SH:  9    Dex: 11    Spells: 3/3 levels left

rFire    . . .     SeeInvis .   a - +0 war axe
rCold    . . .     Gourm    .   c - +0 shield
rNeg     . . .     Faith    .   t - +0 scale mail
rPois    .         Spirit   .   (no helmet)
rElec    .         Reflect  .   (no cloak)
rCorr    .         Harm     .   (no gloves)
MR       .....                  (no boots)
Stlth    ..........             (no amulet)
HPRegen  0.13/turn              (no ring)
MPRegen  0.09/turn              (no ring)

@: mighty
A: no striking features
a: no special abilities


You were on level 3 of the Dungeon.
You were not hungry.

You visited 1 branch of the dungeon, and saw 3 of its levels.

You collected 53 gold pieces.

Inventory:

Hand Weapons
 a - a +0 war axe (weapon)
 b - a +0 hunting sling
 i - a cursed -1 hand crossbow
Missiles
 h - 139 stones (quivered)
 k - 18 sling bullets
Armour
 c - a +0 shield (worn)
 t - a +0 scale mail (worn)
Scrolls
 e - a scroll of recharging {unknown}
 j - 3 scrolls of fog
 l - a scroll of teleportation {unknown}
 n - a scroll of identify {unknown}
 o - a scroll of amnesia {unknown}
 r - 3 scrolls of remove curse
 s - a scroll of magic mapping {unknown}
 v - 2 scrolls of enchant weapon {unknown}
Potions
 d - a potion of might
 p - a potion of agility {unknown}
 q - a potion of mutation {unknown}
 u - a potion of heal wounds {unknown}
 w - a potion of lignification {unknown}
Comestibles
 f - 3 bread rations
 g - 4 fruits
 m - 3 meat rations


   Skills:
 + Level 4.2 Fighting
 * Level 4.9 Axes
 + Level 4.0 Armour
 - Level 3.2 Shields


You had 3 spell levels left.
You didn't know any spells.

Dungeon Overview and Level Annotations

Branches:
Dungeon (3/15)

Altars:

Annotations:
D:3 Ijyb, Sigmund


Message History

Your shield and scale mail prevent you from hitting Terence.
Terence hits you with a trident of freezing.
Terence freezes you.
Terence hits you with a trident of freezing.
* * * LOW HITPOINT WARNING * * *
Terence freezes you.
* * * LOW HITPOINT WARNING * * *
You closely miss Terence.
Terence hits you with a trident of freezing.
* * * LOW HITPOINT WARNING * * *
Terence freezes you.
* * * LOW HITPOINT WARNING * * *
Unknown command.
Okay, then.
You slice Terence!!
You kill Terence!
Your Armour skill increases to level 4!
Your scale mail prevents you from hitting Ijyb.
You block Ijyb's attack. Ijyb hits you with a club.
You die...

#.#####.#.#...#
#............#.##
#..####.#.##.##.#
#.#.......#
#.#.##.##.#
#.##.#.#.<#
#.###...#.#
.####..!...........
#.$......@...........
##.######g##.##.####.#
#(##.##.# . ...#.##.#
......##.# ......
..(..## ##...##


You could see Ijyb.

Vanquished Creatures
  Terence (D:3)
  An adder (D:3)
  A worm (D:2)
  2 dart slugs
  8 bats
  5 giant cockroaches
  3 goblins (D:2)
  8 hobgoblins
  8 jackals
  A quokka (D:2)
  3 frilled lizards
  2 kobolds (D:2)
  4 rats
47 creatures vanquished.

Notes
Turn   | Place    | Note
-------+----------+-------------------------------------------
     0 | D:1      | MirrMurr the Hill Orc Fighter began the quest for the Orb.
     0 | D:1      | Reached XP level 1. HP: 19/19 MP: 1/1
   310 | D:1      | Reached XP level 2. HP: 27/27 MP: 2/2
   804 | D:2      | Reached XP level 3. HP: 28/33 MP: 3/3
  1653 | D:3      | Reached XP level 4. HP: 40/40 MP: 4/4
  1671 | D:3      | Noticed Sigmund
  1768 | D:3      | Noticed Terence
  1770 | D:3      | Noticed Ijyb
  1781 | D:3      | Killed Terence
  1782 | D:3      | Slain by Ijyb

Vault maps used:
D:1:      minmay_arrival_arboretum_small, minmay_tetromino_t2
D:2:      corexii_hall_statues_s
D:3:      first_bread, uniq_grinder, uniq_sigmund, uniq_ijyb, uniq_terence

Skill      XL: |  1  2  3  4 |
---------------+-------------+-----
Axes           | 3 4 |  4.9
Fighting       | 4 |  4.2
Armour         | 4 |  4.0
Shields        | |  3.2

Action                   |  1- 3 |  4- 6 || total
-------------------------+-------+-------++-------
Melee: War axe           |   121 |    10 ||   131
 Fire: Hunting sling     |    41 |     8 ||    49
Throw: Stone             |     9 |       ||     9
  Use: Scroll            |     2 |       ||     2
       Potion            |       |     1 ||     1
  Eat: Chunk             |     2 |     1 ||     3
Armor: Scale mail        |    81 |       ||    81
Dodge: Dodged            |    52 |     3 ||    55
Block: Shield            |    80 |     8 ||    88
